 Dungeon Crawl Stone Soup version 0.28.0-45-g0d030f2227 (webtiles) character file.

Game seed: 623650067184183485

5765 101zpm the Thaumaturge (level 11, -5/68 HPs)
             Began as a Djinni Ice Elementalist on Apr 13, 2022.
             Slain by a vampire
             ... wielding a +2 flail of protection
              (13 damage)
             ... on level 7 of the Dungeon.
             The game lasted 01:07:48 (12686 turns).

101zpm the Thaumaturge (Djinni Ice Elementalist)   Turns: 12686, Time: 01:07:49

Health: -5/68      AC: 10    Str:  7    XL:     11   Next: 6%
Gold:   324        EV: 13    Int: 27    God:
                   SH:  0    Dex: 14

rFire   + + .      SeeInvis .   E - +2 falchion (holy)
rCold   x . .      Faith    .   (no shield)
rNeg    . . .      Spirit   .   v - +3 leather armour
rPois   ∞          Reflect  .   J - +2 hat
rElec   .          Harm     .   b - +0 cloak
rCorr   .          Rampage  .   r - +0 pair of gloves
Will    +....                   (boots unavailable)
Stlth   ++........              o - amulet of regeneration
HPRegen 1.01/turn               I - +6 ring of intelligence
MPRegen 0.00/turn               (no ring)

@: flying
A: sickness immunity, fire resistance 2, cold vulnerability 1, float, innate
caster, HP casting, extra vitality 1
a: no special abilities


You were on level 7 of the Dungeon.
You visited 2 branches of the dungeon, and saw 9 of its levels.

You collected 324 gold pieces.

Inventory:

Hand Weapons
 p - a +0 whip of freezing
 E - a +2 falchion of holy wrath (weapon)
Missiles
 e - a throwing net
 h - 16 poisoned darts
 i - 110 arrows
 j - 112 stones
 k - 61 sling bullets
 D - 8 boomerangs
Armour
 a - a +0 robe
 b - a +0 cloak (worn)
 r - a +0 pair of gloves (worn)
 v - a +3 leather armour (worn)
 J - a +2 hat (worn)
Jewellery
 f - an amulet of the acrobat
 o - an amulet of regeneration (around neck)
 I - a +6 ring of intelligence (left hand)
Wands
 z - a wand of charming (8)
 F - a wand of digging (6)
 H - a wand of mindburst (8)
Scrolls
 d - 2 scrolls of enchant weapon
 g - 2 scrolls of brand weapon
 n - 2 scrolls of fear
 s - a scroll of immolation {unknown}
 u - 3 scrolls of teleportation {unknown}
 w - a scroll of blinking {unknown}
 y - 2 scrolls of fog
 B - a scroll of silence {unknown}
 G - a scroll of magic mapping {unknown}
Potions
 c - a potion of attraction {unknown}
 l - a potion of curing {unknown}
 m - a potion of heal wounds
 q - a potion of flight {unknown}
 t - a potion of cancellation {unknown}
 x - a potion of invisibility {unknown}
 C - a potion of berserk rage {unknown}


   Skills:
 + Level 1.8 Fighting
 + Level 0.5 Long Blades
 + Level 0.3 Maces & Flails
 + Level 4.0 Armour
 + Level 6.1 Dodging
 + Level 3.0 Stealth
 + Level 11.1 Spellcasting


You had 7 spell levels left.
You knew the following spells:

 Your Spells              Type           Power      Damage    Failure   Level
a - Freeze                Ice            100%       1d11      1%          1
b - Frozen Ramparts       Ice            100%       1d12      1%          3
c - Ozocubu's Armour      Ice            66%        N/A       1%          3
d - Hailstorm             Conj/Ice       66%        3d14      1%          4
e - Sting                 Tmut/Pois      100%       1d8       1%          1
f - Passwall              Tmut/Erth      55%        N/A       1%          2
g - Spider Form           Tmut/Pois      66%        N/A       1%          3
h - Vampiric Draining     Necr           66%        2d10      1%          3
i - Fireball              Conj/Fire      33%        3d14      1%          5
Your spell library was empty.

Dungeon Overview and Level Annotations

Branches:
Dungeon (8/15)             Temple (1/1) D:4
   Lair: D:8-11

Altars:
Ashenzari
Cheibriados
Dithmenos
Elyvilon
Fedhas
Gozag
Hepliaklqana
Kikubaaqudgha
Makhleb
Nemelex Xobeh
Okawaru
Qazlal
Ru
Sif Muna
Trog
Uskayaw
Vehumet
Wu Jian
Xom
Yredelemnul
Zin
The Shining One

Annotations:
D:2 1 runed translucent door, Crazy Yiuf
D:5 2 runed translucent doors, Elsvaer's ghost, novice DEEE
D:6 2 runed translucent doors, Kaptain's ghost, novice GrEE


Innate Abilities, Weirdness & Mutations

You are immune to sickness and miasma.
You are immune to poison.
Your flesh is very heat resistant. (rF++)
You are vulnerable to cold. (rC-)
You float through the air rather than walking.
You learn spells naturally, not from books.
Your magical power is your life essence.
You have superior vitality. (+4 MHP)


Message History

Casting: Frozen Ramparts (safe; 1% risk of failure)
Confirm with . or Enter, or press ? or * to list all spells.
Casting: Frozen Ramparts (safe; 1% risk of failure)
Press: ? - help, Dir - look around, f - activate The walls around you are covered in ice.
The wall freezes something.
Something hits you! Something bites you but does no damage.
The wall freezes the boulder beetle.
Aiming: Freeze (safe; 1% risk of failure)
Press: ? - help, Q - select action, (/) - cycle Shift-Dir - straight line, f - boulder beetle
Aim: a boulder beetle (almost dead, poisoned)
You freeze the boulder beetle.
You kill the boulder beetle!
The wall freezes something.
Something hits you! Something bites you.
* * * LOW HITPOINT WARNING * * *
Your Spellcasting skill increases to level 11!
You have reached level 11!
The power to cast Fireball wells up from within.
Spell assigned to 'i'.
Casting: Freeze (safe; 1% risk of failure)
Confirm with . or Enter, or press ? or * to list all spells.
A film of ice covers your body!
* * * LOW HITPOINT WARNING * * *
The wall freezes something.
Something hits you.
* * * LOW HITPOINT WARNING * * *
Something bites you but does no damage.
It was a potion of heal wounds.
You feel much better.
The wall freezes something.
Something hits you but does no damage. Something bites you.
Unknown command.
Your icy armour cracks and falls away as you move.
The frozen ramparts melt away as you move.
Something hits you. Something bites you but does no damage. Something hits you!
* * * LOW HITPOINT WARNING * * *
Something barely misses you.
You hit something. Something hits you!
* * * LOW HITPOINT WARNING * * *
Something bites you but does no damage.
You miss something. Something hits you!
You die...

....................... ###
#......................#[.
#..................#...###
#.........#........#......
#.........'........#...###
####.........#........#...#..
#....'###...######...##...###
#....'###..†####.....##...##.
#...........@..#.....##.).#.#
#..............#.....##..))..
#.###..............#......#..)#..
#.............................#..
#..# ###'#######†####.........###
#..###.....###.....###...........
#..##.....###.....####.##........
#..#.....###.....###.#.##........
#..#....###.....###..#..#........


There were no monsters in sight!

Vanquished Creatures
  2 boulder beetles (D:7)
  A two-headed ogre (D:7)
  Maggie (D:7)
  2 hornets
  A troll (D:7)
  A shadow (D:4)
  Eustachio (D:5)
  Menkaure (D:7)
  Edmund (D:4)
  3 water moccasins (D:7)
  2 sky beasts (D:7)
  2 black bears
  2 necrophages
  3 ogres (D:5)
  A phantom (D:4)
  A centaur (D:6)
  2 bullfrogs (D:7)
  2 elf skeletons (D:6)
  2 scorpions (D:7)
  A water moccasin skeleton (D:7)
  2 jellies
  A hound (D:4)
  A gnoll shaman (D:7)
  4 orc priests
  3 centaur skeletons
  5 iguanas
  4 orc wizards (D:7)
  Ijyb (D:4)
  A hound skeleton (D:5)
  A howler monkey zombie (D:7)
  8 adders
  3 gnolls (D:7)
  2 shadow imps (D:5)
  3 white imps
  2 ufetubi
  An adder zombie (D:5)
  A worm (D:4)
  4 dart slugs
  21 orcs
  A bat (D:2)
  2 endoplasms (D:1)
  2 giant cockroaches
  8 goblins
  7 hobgoblins
  6 kobolds
  A ball python (D:4)
  3 orc skeletons (D:6)
  An orc zombie (D:6)
  3 rats
134 creatures vanquished.

Vanquished Creatures (others)
  A bullfrog zombie (D:7)
1 creature vanquished.

Grand Total: 135 creatures vanquished

Notes
Turn   | Place    | Note
-------+----------+-------------------------------------------
     0 | D:1      | 101zpm the Djinni Ice Elementalist began the quest for the
                  | Orb.
     0 | D:1      | Reached XP level 1. HP: 15/15 MP: 0/0
   277 | D:3      | Reached XP level 2. HP: 9/21 MP: 0/0
   282 | D:3      | Reached skill level 4 in Spellcasting
   282 | D:3      | Reached XP level 3. HP: 5/25 MP: 0/0
   282 | D:3      | Learned a level 1 spell: Sting
   647 | D:3      | Reached XP level 4. HP: 31/31 MP: 0/0
  2700 | D:1      | Reached XP level 5. HP: 32/35 MP: 0/0
  2700 | D:1      | Learned a level 2 spell: Passwall
  2823 | D:1      | Found a faded altar of an unknown god.
  2928 | D:2      | Found a glowing silver altar of Zin.
  3153 | D:2      | Found a runed translucent door.
  3154 | D:2      | Noticed Crazy Yiuf
  4324 | D:4      | Found a staircase to the Ecumenical Temple.
  4334 | D:4      | Reached skill level 5 in Spellcasting
  4334 | D:4      | Reached XP level 6. HP: 30/41 MP: 0/0
  4862 | D:4      | Noticed Ijyb
  4887 | Temple   | Entered the Ecumenical Temple
  5509 | D:5      | Entered Level 5 of the Dungeon
  5509 | D:5      | Noticed a black bear
  5664 | D:4      | Noticed Edmund
  5677 | D:4      | Killed Edmund
  5678 | D:4      | Reached skill level 1 in Armour
  5678 | D:4      | Reached XP level 7. HP: 21/46 MP: 0/0
  5678 | D:4      | Learned a level 3 spell: Spider Form
  5878 | D:4      | Killed Ijyb
  6308 | D:5      | Reached skill level 6 in Spellcasting
  6931 | D:5      | Noticed Eustachio
  7126 | D:5      | Noticed a hornet
  7496 | D:6      | Reached XP level 8. HP: 44/51 MP: 0/0
  8074 | D:6      | Found a large runed translucent door.
  8075 | D:6      | Found a large runed translucent door.
  8076 | D:6      | Noticed Kaptain's ghost (novice GrEE)
  8383 | D:6      | HP: 2/51 [centaur (2)]
  9434 | D:6      | Reached skill level 7 in Spellcasting
 10082 | D:5      | Noticed a shadow
 10409 | D:5      | Killed Eustachio
 10555 | D:5      | Killed a hornet
 10556 | D:5      | Reached skill level 1 in Fighting
 10556 | D:5      | Reached XP level 9. HP: 26/57 MP: 0/0
 10556 | D:5      | Learned a level 3 spell: Vampiric Draining
 10732 | D:5      | Found a shadowy altar of Dithmenos.
 10797 | D:5      | Found a runed translucent door.
 10867 | D:5      | Reached skill level 8 in Spellcasting
 10929 | D:5      | Found a blossoming altar of Fedhas.
 11049 | D:5      | Found a stormy altar of Qazlal.
 11054 | D:5      | Found a bloodstained altar of Trog.
 11090 | D:5      | Noticed Elsvaer's ghost (novice DEEE)
 11109 | D:5      | Found a runed translucent door.
 11644 | D:7      | Noticed Menkaure
 11807 | D:7      | Noticed a boulder beetle
 11959 | D:7      | Noticed a troll
 11966 | D:7      | Killed a troll
 11967 | D:7      | Reached skill level 9 in Spellcasting
 12040 | D:7      | Noticed a two-headed ogre
 12055 | D:7      | Killed a two-headed ogre
 12056 | D:7      | Reached skill level 5 in Dodging
 12056 | D:7      | Reached XP level 10. HP: 55/63 MP: 0/0
 12116 | D:7      | Killed a boulder beetle
 12117 | D:7      | Reached skill level 10 in Spellcasting
 12207 | D:7      | Noticed Maggie
 12221 | D:7      | Killed Maggie
 12542 | D:7      | Killed Menkaure
 12665 | D:7      | Noticed a boulder beetle
 12680 | D:7      | Killed a boulder beetle
 12681 | D:7      | Reached skill level 11 in Spellcasting
 12681 | D:7      | Reached XP level 11. HP: 16/68 MP: 0/0
 12681 | D:7      | Learned a level 5 spell: Fireball
 12686 | D:7      | Slain by a vampire

Illustrated notes

Levels and vault maps discovered:
D:1:      matt_arrival_los_fun, layout_loops_cross,
          shapermc_ecumenical_altar_venn, minmay_pentomino_w2
D:2:      layout_loops_ring, basic_altar, grunt_decor_one_mirror,
          uniq_crazy_yiuf_cottage
D:3:      layout_loops_ring
D:4:      layout_cave_pools, minmay_temple_entry_offerings, hex_large,
          uniq_ijyb, uniq_edmund
D:5:      layout_cave_pools, grunt_dithmenos_shadows, minitemple,
          ebering_ghost_sewer_f, uniq_eustachio
D:6:      layout_loops_cross, nicolae_ossuary_entry_catacombs,
          ebering_ghost_disaster_area, chequers_garden, amcnicky_mini_pool_small
D:7:      minmay_the_grid_square_5x5_3x3 [minmay_the_grid_square_5x5_minibox,
          minmay_the_grid_square_5x5_misaligned,
          minmay_the_grid_square_5x5_inner_z,
          minmay_the_grid_square_5x5_checkered,
          minmay_the_grid_square_5x5_megaprize_checkered,
          minmay_the_grid_square_5x5_comb,
          minmay_the_grid_square_5x5_two_walls_a, minmay_the_grid_square_5x5_z,
          minmay_the_grid_square_5x5_forky], layout_basic, serial_shops, shop,
          minmay_quadrilaterals, uniq_maggie, uniq_menkaure
D:8:      layout_loops_corners, serial_bayou_pond_e, uniq_erica, uniq_psyche
Temple:   dpeg_five_rooms_temple

Skill      XL: |  1  2  3  4  5  6  7  8  9 10 |
---------------+-------------------------------+-----
Spellcasting   | 4 5 6 7 9 11 | 11.1
Stealth        | 2 3 |  3.0
Armour         | 1 2 3 4 |  4.0
Dodging        | 3 5 6 |  6.1
Fighting       | 1 |  1.8
Long Blades    | |  0.5
Maces & Flails | |  0.3

Action                   |  1- 3 |  4- 6 |  7- 9 | 10-12 || total
-------------------------+-------+-------+-------+-------++-------
Melee: Unarmed           |       |     8 |       |       ||     8
       Whip              |       |     9 |     2 |       ||    11
       Falchion          |       |       |    11 |     4 ||    15
       Punch             |       |       |     1 |       ||     1
 Cast: Freeze            |    16 |    31 |    97 |    23 ||   167
       Sting             |     1 |    14 |   109 |    78 ||   202
       Frozen Ramparts   |       |    30 |    73 |    22 ||   125
       Ozocubu's Armour  |       |     4 |    27 |    11 ||    42
       Hailstorm         |       |     1 |     2 |     1 ||     4
       Spider Form       |       |       |     2 |     1 ||     3
       Vampiric Draining |       |       |     2 |     3 ||     5
       Passwall          |       |       |     1 |       ||     1
 Abil: End Transformatio |       |       |       |     1 ||     1
  Use: Scroll            |       |       |     4 |       ||     4
       Potion            |       |       |       |     1 ||     1
 Stab: Sleeping          |       |     1 |       |       ||     1
Armor: Robe              |     2 |    11 |       |       ||    13
       Leather armour    |       |     9 |   148 |    72 ||   229
Dodge: Dodged            |     3 |    30 |   296 |    70 ||   399
